Selects Airborne Battlegroup
Selects Heavy Machine Gun Paradrop
Heavy Machine Gun Paradrop
Heavy Machine Gun Paradrop
Mechanized Support Center
Construct Weapon Support Center
M1918 Browning Automatic Rifles
Construct Medical Station
Heavy Machine Gun Paradrop
Selects Paratrooper Squad Paradrop
Selects Anti-tank Gun Team Paradrop
Anti-tank Gun Team Paradrop
Paratrooper Squad Paradrop
Heavy Machine Gun Paradrop
Improved M9 Bazooka Rockets
Anti-tank Gun Team Paradrop
Paratrooper Squad Paradrop
Selects Paradrop Reinforcements
Selects Dual P-47 Rocket Strike